 Seeded DCSS version 0.30.1 (webtiles) character file.

Game seed: 7229806256980976716 (custom seed)

19 McKennaii the Conjurer (level 2, 20/20 HPs)
             Began as a Demigod Conjurer on July 13, 2023.
             Quit the game on level 1 of the Dungeon.
             The game lasted 00:00:48 (533 turns).

McKennaii the Conjurer (Demigod Conjurer)            Turns: 533, Time: 00:00:49

Health: 20/20      AC:  2    Str:  8    XL:     2   Next: 39%
Magic:  6/7        EV: 12    Int: 20    God:
Gold:   35         SH:  0    Dex: 12    Spells: 2/5 levels left

rFire   . . .        (no weapon)
rCold   . . .        (no shield)
rNeg    . . .        a - +0 robe
rPois   .            (no helmet)
rElec   .            (no cloak)
rCorr   .            (no gloves)
SInv    .            (no boots)
Will    .....        (no amulet)
Stlth   ++           (no ring)
HPRegen 0.23/turn    (no ring)
MPRegen 0.10/turn

%: no passive effects
@: no status effects
A: high MP 1, forlorn, divine attributes
a: no special abilities


You were on level 1 of the Dungeon.
You visited 1 branch of the dungeon, and saw 1 of its levels.

You collected 35 gold pieces.

Inventory:

Missiles
 c - a throwing net
Armour
 a - a +0 robe (worn)
Scrolls
 d - 2 scrolls of amnesia {unknown}
 e - 2 scrolls of acquirement
 f - a scroll of teleportation {unknown}
Potions
 b - a potion of magic


   Skills:
 - Level 1.7 Dodging
 - Level 1.7 Stealth
 + Level 2.3 Spellcasting
 + Level 4.0 Conjurations


You had 2 spell levels left.
You knew the following spells:

 Your Spells              Type           Power      Damage    Failure   Level
a - Magic Dart            Conj           72%        1d6       3%          1
b - Searing Ray           Conj           36%        2d5       4%          2

Your spell library contained the following spells:

 Spells                   Type           Power      Damage    Failure   Level
 Dazzling Flash           Conj/Hex       20%        N/A       21%         3
 Fulminant Prism          Conj/Hex       5%         3d6       54%         4
 Iskenderun's Mystic Bla  Conj/Tloc      10%        2d4       54%         4


Dungeon Overview and Level Annotations

Branches:
Dungeon (1/15)


Innate Abilities, Weirdness & Mutations

You have an increased reservoir of magic. (+10% MP)
You shall have no god before yourself.
Your divine heritage dramatically boosts your attributes as you level up.


Message History

The jackal is heavily wounded.
The jackal closely misses you. The jackal completely misses you.
Casting: Magic Dart (safe; 3% risk of failure)
Confirm with . or Enter, or press ? or * to list all spells.
Aiming: Magic Dart (safe; 3% risk of failure)
Press: ? - help, Shift-Dir - straight line, f/p - jackal
Aim: a jackal (heavily wounded, 100% to hit)
The magic dart hits the jackal.
You kill the jackal!
Unknown command.
A quokka comes into view.
A quokka is nearby!
The magic dart hits the quokka.
You kill the quokka!
Your Conjurations skill increases to level 4!
Things that are here:
a jackal corpse; a jackal corpse You see here a bat corpse.
You see here a jackal corpse.
Found a leather armour.
You can't see any susceptible monsters within range! (Use Z to cast anyway.) Key pressed, stopping explore.
You can't see any susceptible monsters within range! (Use Z to cast anyway.) No target in view!
You can't see any susceptible monsters within range! (Use Z to cast anyway.)
You see here a quokka corpse.
A hobgoblin comes into view.
Found a stone staircase leading down.
A hobgoblin is nearby!
The magic dart hits the hobgoblin.
You kill the hobgoblin!
No target in view!
You now have 35 gold pieces (gained 5).
Key pressed, stopping explore.
You can't see any susceptible monsters within range! (Use Z to cast anyway.)
A rat comes into view.
The magic dart hits the rat but does no damage.
This is a scroll of acquirement!
Something appears at your feet! The rat misses you.
Are you sure you want to abandon this character and quit the game? (Confirm with "yes".)

.. .. .. #. #. .#
#. .#
#r#######.#.##.#.
#.@...>...#.#....#
##.#..........#..#
#..........#....#
###..#.###.##.#.##
#....# #........
#..#.###....(..#
#..##...###[#..#
#...........#..†
#..........†.†##


You could see a rat.

Vanquished Creatures
  A giant cockroach (D:1)
  A goblin (D:1)
  2 hobgoblins (D:1)
  6 jackals (D:1)
  2 quokkas (D:1)
  A ball python (D:1)
  2 bats (D:1)
15 creatures vanquished.

Notes
Turn   | Place    | Note
-------+----------+-------------------------------------------
     0 | D:1      | McKennaii the Demigod Conjurer began the quest for the Orb.
     0 | D:1      | Reached XP level 1. HP: 14/14 MP: 5/5
   325 | D:1      | Reached XP level 2. HP: 20/20 MP: 2/7
   331 | D:1      | Learned a level 2 spell: Searing Ray
   432 | D:1      | Reached skill level 4 in Conjurations
   532 | D:1      | Identified 3 scrolls of acquirement
   532 | D:1      | Acquired 310 gold pieces
   533 | D:1      | Quit the game

Illustrated notes

Levels and vault maps discovered:
D:1:      spicycebolla_arrival_ecumenical, layout_loops_ring

Skill      XL: |  1  2 |
---------------+-------+-----
Spellcasting   | 2 |  2.3
Conjurations   | 4 |  4.0
Dodging        | |  1.7
Stealth        | |  1.7

Action                     || total
---------------------------++-------
  Melee: Unarmed           ||    39
   Cast: Magic Dart        ||    27
         Searing Ray       ||     1
    Use: Scroll            ||     1
   Stab: Distracted        ||     1
 Armour: Robe              ||     6
  Dodge: Dodged            ||    52
